Map: Avalon Labs

Players

Blubbel

  • Race: Terran Terran
  • League: Silver

zod

  • Race: Protoss Protoss
  • League: Silver

MasteroP

  • Race: Zerg Zerg
  • League: Gold

solo

  • Race: Protoss Protoss
  • League: Silver

Gomba

  • Race: Protoss Protoss
  • League: Gold

Barney

  • Race: Terran Terran
  • League: Silver

VOD

Have the link to the VOD?

Description

Time

  • Played on: Jan. 20, 2016, 3:03 p.m.
  • Length: 9:58
Show
View Real Time Build Order
Export as new Build Order

Blubbel Terran 

Build Orders:  

Get SALT Encoding   

  12  0:01  SCV  
  13  0:13  SCV  
  14  0:23  Supply Depot  
  14  0:25  SCV  
  15  0:31  Refinery  
  15  0:54  SCV  
  16  1:02  Barracks  
  16  1:32  Barracks  
  14  2:23  Marine  
  13  2:33  SCV  
  13  2:41  Marine  
  13  2:43  Marine  
  15  2:45  SCV, Supply Depot  
  16  2:57  SCV  
  17  3:10  SCV  
  18  3:22  SCV, Marine  
  18  3:24  Barracks  
  20  3:34  SCV  
  21  3:45  Marine x2  
  23  4:03  Marine x2  
  25  4:24  Marine  
  25  4:25  Marine  
  25  4:28  Marine  
  28  4:42  Marine x2  
  28  4:43  Command Center  
  30  4:45  Marine  
  31  5:27  Barracks Tech Lab  
  31  5:34  Factory  
  31  5:43  Supply Depot  
  31  5:45  Supply Depot  
  31  5:54  SCV, Marine x2  
  34  6:07  SCV  
  34  6:10  Supply Depot  
  35  6:12  Marine  
  36  6:19  SCV  
  36  6:24  Marauder  
  39  6:30  Stimpack  
  39  6:46  Marauder  
  32  7:02  Marine x2  
  32  7:07  Widow Mine  
  34  7:20  Marine  
  35  7:24  SCV  
  35  7:25  SCV  
  36  7:36  SCV  
  37  7:37  SCV, Barracks Reactor  
  38  7:48  SCV  
  38  7:49  SCV  
  38  8:12  Engineering Bay  
  38  8:18  Marauder  
  40  8:39  Marauder  
  40  8:42  Marine x3  
  40  8:47  Factory Tech Lab  
  43  8:55  Refinery  
  43  8:58  Starport  
  43  9:00  Marine x3  
  43  9:01  Marauder  
  48  9:10  Missile Turret  
  48  9:12  SCV  
  48  9:13  Refinery  
  49  9:17  Marine  
  49  9:18  Marine x2  
  52  9:25  SCV  
  53  9:35  Marine x3  
  53  9:37  SCV  
Show
View Real Time Build Order
Export as new Build Order

zod Protoss 

Build Orders:  

Get SALT Encoding   

  12  0:01  Probe (Chrono Boost)  
  13  0:13  Probe (Chrono Boost)  
  14  0:21  Pylon  
  14  0:23  Probe (Chrono Boost)  
  15  0:39  Probe (Chrono Boost)  
  16  0:59  Gateway  
  16  1:18  Probe (Chrono Boost)  
  17  1:28  Probe (Chrono Boost)  
  18  1:39  Probe (Chrono Boost)  
  18  2:06  Zealot (Chrono Boost)  
  19  2:31  Zealot (Chrono Boost)  
  19  2:32  Probe  
  22  2:44  Probe  
  23  3:17  Nexus  
  23  3:32  Pylon  
  23  3:35  Cybernetics Core  
  23  3:43  Assimilator  
  23  3:46  Pylon  
  23  3:47  Assimilator  
  23  3:50  Probe, Zealot (Chrono Boost)  
  26  4:02  Probe  
  26  4:19  Probe, Forge  
  27  4:46  Gateway  
  27  4:52  Gateway  
  27  5:03  Protoss Ground Weapons Level 1  
  27  5:04  Probe  
  28  5:10  Photon Cannon  
  24  5:17  Mothership Core (Chrono Boost)  
  26  5:29  Warp Gate  
  26  5:57  Stalker  
  26  5:59  Stalker  
  26  6:00  Stalker  
  32  6:14  Probe (Chrono Boost), Robotics Facility  
  33  6:27  Adept  
  33  6:29  Adept  
  33  6:30  Adept  
  39  6:33  Gateway  
  39  6:44  Nexus  
  35  7:22  Protoss Shields Level 1  
  35  7:32  Robotics Bay  
  35  7:33  Probe (Chrono Boost)  
  36  7:43  Probe (Chrono Boost)  
  32  7:54  Probe (Chrono Boost)  
  32  8:14  Pylon  
  32  8:16  Probe x2 (Chrono Boost)  
  34  8:26  Probe (Chrono Boost)  
  34  8:27  Probe (Chrono Boost)  
  36  8:37  Probe (Chrono Boost)  
  37  8:47  Probe (Chrono Boost)  
  37  8:48  Probe (Chrono Boost)  
  39  8:52  Disruptor  
  42  8:58  Probe x2 (Chrono Boost)  
  44  9:06  Assimilator  
  44  9:08  Probe (Chrono Boost)  
  44  9:09  Assimilator  
  45  9:13  Photon Cannon  
  45  9:17  Pylon  
  45  9:20  Pylon  
  45  9:22  Pylon  
  45  9:44  Stalker x2  
  49  9:46  Stalker  
Show
View Real Time Build Order
Export as new Build Order

MasteroP Zerg 

Build Orders: Pool First 

Get SALT Encoding   

  12  0:01  Drone  
  13  0:14  Overlord  
  13  0:17  Drone  
  14  0:33  Drone x2  
  16  0:37  Drone  
  17  1:00  Spawning Pool  
  16  1:11  Drone x3  
  16  1:15  Extractor  
  18  1:29  Drone  
  19  1:55  Zergling x6  
  19  1:58  Hatchery  
  16  2:15  Zergling x2  
  15  2:38  Zergling x4  
  15  2:39  Zergling x2  
  18  2:57  Drone  
  19  2:58  Queen  
  19  3:38  Roach Warren  
  18  3:41  Drone x3  
  18  3:42  Drone x3  
  26  3:55  Zergling x4  
  24  4:21  Overlord  
  24  4:23  Drone x3  
  27  4:26  Spine Crawler  
  27  4:29  Spine Crawler  
  25  4:34  Drone  
  26  4:45  Overlord  
  21  5:16  Roach x5  
  21  5:17  Roach  
  33  5:22  Roach  
  35  5:34  Roach x2  
  39  5:48  Roach x2  
  43  6:01  Drone  
  44  6:06  Overlord x2  
  44  6:23  Overlord  
  44  6:25  Drone  
  44  6:26  Drone x4  
  44  6:28  Extractor  
  44  6:52  Roach x5  
  36  7:12  Drone x4  
  36  7:13  Drone x4  
  44  7:22  Lair  
  44  7:24  Drone  
  45  7:32  Roach  
  45  7:33  Roach  
  49  7:39  Queen  
  49  7:44  Extractor x2  
  49  8:25  Roach x6  
  49  8:26  Roach x3  
  63  8:44  Spine Crawler  
  63  8:46  Spine Crawler  
  61  8:49  Roach x2  
  61  8:50  Roach  
  61  8:51  Overlord x2  
  67  9:05  Overlord x2  
  61  9:11  Roach x4  
  61  9:15  Hatchery  
Show
View Real Time Build Order
Export as new Build Order

solo Protoss 

Build Orders: Cannon Rush 

Get SALT Encoding   

  12  0:01  Probe (Chrono Boost)  
  13  0:13  Pylon  
  13  0:29  Probe (Chrono Boost)  
  14  0:36  Forge  
  14  1:05  Pylon  
  13  1:13  Pylon  
  13  1:21  Pylon  
  13  1:34  Photon Cannon  
  13  1:36  Photon Cannon  
  13  1:38  Pylon  
  13  1:52  Photon Cannon  
  13  2:17  Photon Cannon  
  13  2:19  Photon Cannon  
  12  2:31  Probe (Chrono Boost)  
  12  2:33  Assimilator  
  12  2:36  Assimilator  
  13  2:41  Probe (Chrono Boost)  
  14  2:52  Probe (Chrono Boost)  
  15  3:22  Pylon  
  14  3:50  Probe (Chrono Boost)  
  15  4:00  Probe (Chrono Boost)  
  16  4:07  Pylon  
  16  4:10  Pylon  
  16  4:11  Probe (Chrono Boost)  
  16  4:13  Nexus  
  17  4:21  Probe (Chrono Boost)  
  18  4:32  Probe (Chrono Boost)  
  18  4:35  Photon Cannon  
  18  4:36  Photon Cannon  
  19  4:49  Photon Cannon  
  19  5:05  Assimilator  
  19  5:07  Assimilator  
  19  5:08  Probe (Chrono Boost)  
  20  5:19  Probe (Chrono Boost)  
  21  5:29  Probe (Chrono Boost), Pylon  
  22  5:40  Probe (Chrono Boost)  
  23  5:47  Gateway  
  24  5:50  Probe (Chrono Boost)  
  24  6:00  Probe (Chrono Boost)  
  24  6:01  Probe (Chrono Boost)  
  26  6:11  Probe (Chrono Boost)  
  27  6:12  Probe (Chrono Boost)  
  28  6:21  Probe (Chrono Boost)  
  28  6:22  Probe (Chrono Boost)  
  30  6:32  Probe (Chrono Boost)  
  31  6:33  Probe (Chrono Boost)  
  32  6:42  Cybernetics Core, Probe (Chrono Boost)  
  33  6:53  Probe (Chrono Boost)  
  34  7:03  Probe (Chrono Boost)  
  35  7:09  Pylon  
  35  7:11  Pylon  
  35  7:14  Probe (Chrono Boost)  
  36  7:25  Probe (Chrono Boost)  
  37  7:31  Probe (Chrono Boost)  
  37  7:35  Probe (Chrono Boost)  
  39  7:42  Probe (Chrono Boost)  
  40  7:46  Probe (Chrono Boost), Stargate  
  40  7:48  Stargate  
  40  7:50  Stargate  
  41  7:52  Stargate  
  41  7:53  Probe (Chrono Boost)  
  41  7:56  Probe (Chrono Boost)  
  43  8:07  Probe (Chrono Boost)  
  44  8:17  Probe (Chrono Boost)  
  45  8:33  Pylon  
  45  8:35  Pylon  
  45  8:36  Void Ray x4  
  45  8:37  Pylon  
  61  9:03  Nexus  
Show
View Real Time Build Order
Export as new Build Order

Gomba Protoss 

Build Orders:  

Get SALT Encoding   

  12  0:01  Probe (Chrono Boost)  
  13  0:16  Probe (Chrono Boost)  
  14  0:27  Probe (Chrono Boost)  
  15  0:28  Pylon  
  15  0:52  Pylon  
  15  1:02  Forge  
  15  1:10  Pylon  
  13  1:44  Probe (Chrono Boost)  
  14  1:58  Probe (Chrono Boost)  
  15  2:08  Probe (Chrono Boost)  
  15  2:15  Pylon  
  16  2:24  Pylon  
  16  2:44  Photon Cannon  
  15  3:11  Pylon  
  15  3:15  Probe (Chrono Boost)  
  16  3:26  Probe (Chrono Boost)  
  17  3:30  Photon Cannon  
  17  3:37  Nexus  
  17  3:38  Photon Cannon  
  17  3:40  Pylon  
  17  3:42  Pylon  
  17  3:46  Pylon  
  17  3:59  Pylon  
  16  4:14  Assimilator  
  16  4:18  Assimilator  
  16  4:23  Gateway  
  16  4:25  Gateway  
  16  4:27  Gateway  
  16  4:29  Gateway  
  16  4:47  Photon Cannon x2  
  16  4:50  Probe (Chrono Boost)  
  17  4:59  Probe (Chrono Boost)  
  18  5:01  Probe (Chrono Boost)  
  19  5:11  Probe (Chrono Boost)  
  20  5:22  Probe (Chrono Boost)  
  20  5:25  Cybernetics Core  
  21  5:30  Pylon  
  21  5:34  Probe (Chrono Boost)  
  22  5:37  Probe (Chrono Boost)  
  23  5:49  Probe (Chrono Boost)  
  25  5:50  Probe (Chrono Boost)  
  25  5:59  Warp Gate (Chrono Boost)  
  25  6:00  Probe x2 (Chrono Boost)  
  25  6:03  Robotics Facility  
  27  6:11  Probe  
  28  6:12  Adept  
  28  6:14  Sentry  
  28  6:15  Sentry  
  34  6:19  Stalker  
  34  6:20  Probe  
  37  6:27  Assimilator  
  37  6:30  Probe  
  37  6:32  Assimilator  
  38  6:36  Probe  
  39  6:41  Probe  
  40  6:52  Probe  
  41  6:59  Immortal (Chrono Boost)  
  45  7:06  Probe x2  
  47  7:35  Pylon  
  47  7:38  Immortal (Chrono Boost)  
  51  8:07  Stalker x3  
  51  8:08  Stalker  
  63  8:34  Immortal (Chrono Boost)  
  63  8:39  Stalker  
  63  8:40  Stalker x2, Pylon  
  69  8:54  Pylon  
  69  8:59  Robotics Bay  
  69  9:01  Pylon  
  69  9:03  Pylon  
  69  9:22  Stalker  
  69  9:23  Stalker x3  
Show
View Real Time Build Order
Export as new Build Order

Barney Terran 

Build Orders:  

Get SALT Encoding   

  12  0:01  SCV  
  13  0:15  SCV  
  13  0:18  Refinery  
  14  0:27  SCV  
  15  0:28  Supply Depot  
  15  0:37  Refinery  
  15  0:53  Barracks  
  15  1:03  Barracks  
  15  1:07  SCV  
  16  1:22  SCV  
  17  1:43  Barracks  
  17  1:52  Barracks  
  17  1:53  Barracks Reactor  
  17  2:00  Orbital Command  
  17  2:08  Supply Depot  
  17  2:18  Bunker  
  17  2:32  Supply Depot  
  17  2:34  Marine x2  
  19  2:39  SCV  
  20  2:46  Barracks Tech Lab  
  20  2:54  Marine x2  
  20  2:57  Marine  
  23  3:03  Supply Depot  
  23  3:05  Marine  
  24  3:14  Marine  
  24  3:15  Marine  
  24  3:16  Marine  
  27  3:24  SCV  
  27  3:25  Marine x2  
  24  3:44  Marauder  
  26  3:51  Factory  
  26  3:54  Marine  
  26  3:55  Marine  
  28  4:00  Combat Shields  
  28  4:07  SCV  
  28  4:09  Marine  
  29  4:10  Marine  
  29  4:12  Marauder  
  29  4:16  Marine  
  34  4:17  Marine  
  35  4:36  Marine  
  35  4:37  Marine  
  37  4:45  Engineering Bay  
  37  4:54  Marine x4  
  37  4:56  Refinery  
  37  4:59  Supply Depot  
  40  5:14  Marine x4  
  40  5:15  Marauder  
  46  5:32  Marine  
  47  5:36  Starport  
  47  5:37  Marauder  
  49  5:44  Marine x2  
  49  5:45  Marine  
  49  5:49  Marine  
  52  5:51  Supply Depot  
  53  5:58  Marine  
  53  6:02  Marine  
  55  6:16  Medivac  
  55  6:18  Factory Reactor  
  57  6:32  Supply Depot  
  57  6:34  SCV  
  58  6:40  Command Center  
  42  6:55  Marine  
  42  6:56  Marine x4  
  43  7:13  Marine x2  
  43  7:14  Marine  
  41  7:17  Marine x2  
  41  7:31  Marine  
  42  7:43  Marine x4  
  46  7:49  Marine  
  40  8:00  Marine  
  40  8:01  Marauder  
  43  8:07  Marine  
  43  8:08  Marine x2  
  43  8:12  SCV  
  47  8:18  Marine  
  44  8:22  Marine  
  44  8:25  Marine x2  
  45  8:32  Bunker  
  44  8:44  Marine x5  
  44  8:46  SCV  
  50  9:00  Orbital Command  
  50  9:01  Marine  
  51  9:05  Supply Depot, Marine x2, Factory Tech Lab  
  51  9:06  Marine x2  
  51  9:09  Bunker  
  55  9:22  Marine  
  52  9:36  Marine  
  52  9:37  Marine x3  
  55  9:40  Marine  
Tags
 
Add a new tag
Caveats
  • Supply blocks, unpowered buildings, or Contaminate may cause inaccurate times.
  • Supply counts are checked every 10 seconds.